 Dungeon Crawl Stone Soup version 0.29.1-2-gbd0b4ee654 (webtiles) character file.

Game seed: 18046903584216379731

67 Goreval the Poker (level 4, 0/37 HPs)
             Began as a Meteoran Gladiator on Nov 24, 2022.
             Slain by a river rat (1 damage)
             ... on level 4 of the Dungeon.
             The game lasted 00:04:22 (609 turns).

Goreval the Poker (Meteoran Gladiator)               Turns: 609, Time: 00:04:22

Health: 0/37       AC:  4    Str: 18    XL:     4   Next: 65%
Magic:  5/5        EV: 13    Int:  9    God:
Gold:   37         SH:  0    Dex: 15    Spells: 3/3 levels left

rFire   . . .      SeeInvis .   a - +0 trident
rCold   . . .      Faith    .   (no shield)
rNeg    . . .      Spirit   .   b - +0 leather armour
rPois   .          Reflect  .   c - +0 helmet
rElec   .          Harm     .   (no cloak)
rCorr   .          Rampage  .   (no gloves)
Will    .....                   (no boots)
Stlth   +.........              (no amulet)
HPRegen 0.12/turn               (no ring)
MPRegen 0.09/turn               (no ring)

@: glowing, very slow
A: sense surroundings 1, otherworldly, glowing, explore regen
a: no special abilities


You were on level 4 of the Dungeon.
You visited 1 branch of the dungeon, and saw 4 of its levels.

You collected 37 gold pieces.

Inventory:

Hand Weapons
 a - a +0 trident (weapon)
Missiles
 d - 3 throwing nets
 e - a javelin
 f - 15 stones (quivered)
Armour
 b - a +0 leather armour (worn)
 c - a +0 helmet (worn)
Wands
 m - a wand of light (5)
Scrolls
 g - a scroll of poison {unknown}
 h - a scroll of magic mapping {unknown}
 i - a scroll of teleportation {unknown}
 k - 2 scrolls of identify {unknown}
 l - a scroll of enchant weapon {unknown}
Potions
 j - a potion of berserk rage {unknown}


   Skills:
 + Level 2.9 Fighting
 * Level 4.7 Polearms
 - Level 2.4 Throwing
 + Level 1.8 Armour
 - Level 4.0 Dodging


You had 3 spell levels left.
You didn't know any spells.
Your spell library contained the following spells:

 Spells                   Type           Power      Damage    Failure   Level
 Foxfire                  Conj/Fire      0%         2x1d4     43%         1
 Confusing Touch          Hex            0%         N/A       82%         3
 Conjure Flame            Conj/Fire      0%         6-21      82%         3
 Inner Flame              Hex/Fire       0%         N/A       82%         3
 Flame Wave               Conj/Fire      0%         2d4       99%         4
 Yara's Violent Unravell  Hex/Tmut       0%         3d3       100%        5
 Enfeeble                 Hex            0%         N/A       100%        7


Dungeon Overview and Level Annotations

Branches:
Dungeon (4/15) Zot: 1760
 Temple: D:4-7

Altars:
Ashenzari


Innate Abilities, Weirdness & Mutations

You passively map a small area around you.
You are easily found by Zot.
You glow in the dark.
You regain HP and MP as you explore.


Message History

You are too injured to fight recklessly!
You are too injured to fight recklessly!
You are too injured to fight recklessly!
You are too injured to fight recklessly!
You are too injured to fight recklessly!
You are too injured to fight recklessly!
You are too injured to fight recklessly!
You are too injured to fight recklessly!
You are too injured to fight recklessly!
You are too injured to fight recklessly!
You are too injured to fight recklessly!
You are too injured to fight recklessly!
You are too injured to fight recklessly!
You are too injured to fight recklessly!
You are too injured to fight recklessly!
You are too injured to fight recklessly!
You barely miss the quokka.
The quokka bites you but does no damage.
You miss the quokka. The quokka bites you.
Your unstable footing causes you to fumble your attack.
The quokka splashes around in the water.
You closely miss the quokka.
The quokka splashes around in the water. x2
Your unstable footing causes you to fumble your attack.
The quokka bites you.
* * * LOW HITPOINT WARNING * * *
You puncture the quokka!
You kill the quokka!
A river rat comes into view.
You see here a quokka corpse.
You hear the slow rusting of a drain.
Your unstable footing causes you to fumble your attack.
The river rat bites you.
* * * LOW HITPOINT WARNING * * *
Your unstable footing causes you to fumble your attack.
The river rat bites you.
* * * LOW HITPOINT WARNING * * *
Your unstable footing causes you to fumble your attack.
The river rat bites you.
You die...

* * * * * * *
, , ,, , , ,
* * , * * ,,
* , * ** ## *
######### ,
.. ##. *,
##..~~~.~## ,
... ..
#.#######~#
#.# *? *
,#~#~@~~##~#
*** #.# # ,
,#.#r###.#~#
, **#.## ,,
#~#~#∩#~#~#
*#.# * #~#~#
#~#~# ,, #.
,#~##~ #~#~#*
,* #.#
,#~#####†#~#
, ,* , # * *
##†~~~~##~# ,
# ,
#######.#####
..## # * *
............#
#... .


You could see a river rat.

Vanquished Creatures
  An adder (D:2)
  A river rat (D:4)
  4 worms
  A dart slug (D:2)
  An orc (D:4)
  2 endoplasms
  A giant cockroach (D:4)
  2 goblins
  2 hobgoblins (D:1)
  2 jackals (D:1)
  4 quokkas
  6 ball pythons
  A bat (D:2)
  2 frilled lizards
  2 kobolds
  4 rats
36 creatures vanquished.

Notes
Turn   | Place    | Note
-------+----------+-------------------------------------------
     0 | D:1      | Goreval the Meteoran Gladiator began the quest for the Orb.
     0 | D:1      | Reached XP level 1. HP: 17/17 MP: 2/2
    62 | D:1      | Reached XP level 2. HP: 18/24 MP: 3/3
   304 | D:2      | Reached XP level 3. HP: 26/30 MP: 4/4
   328 | D:2      | Reached skill level 1 in Armour
   448 | D:3      | Reached XP level 4. HP: 37/37 MP: 5/5
   495 | D:4      | Found a broken altar of Ashenzari.
   608 | D:4      | HP: 1/37 [river rat (6)]
   609 | D:4      | Slain by a river rat

Illustrated notes

Levels and vault maps discovered:
D:1:      dpeg_arrival_stonehenge_12_columns, layout_basic, serial_shops, shop,
          minmay_misc_feat_diagonals, hangedman_feature_mirror,
          chequers_serial_rivers_micro_a, minmay_octomino_c4
D:2:      layout_basic
D:3:      layout_basic
D:4:      layout_loops_ring, ashenzari_conservatory_becter,
          nicolae_overflow_hallway_of_the_gods, serial_rivers,
          chequers_serial_rivers_large_a, chequers_serial_rivers_micro_c,
          chequers_serial_rivers_large_b, chequers_serial_rivers_micro_c,
          chequers_serial_rivers_micro_a, gup_sewer_entry_spiral

Skill      XL: |  1  2  3 |
---------------+----------+-----
Dodging        | 4 |  4.0
Polearms       | 4 |  4.7
Armour         | 1 |  1.8
Fighting       | |  2.9
Throwing       | |  2.4

Action                   |  1- 3 |  4- 6 || total
-------------------------+-------+-------++-------
Melee: Trident           |    85 |    65 ||   150
       Punch             |       |     1 ||     1
Throw: Stone             |     3 |     2 ||     5
Armor: Leather armour    |    17 |     9 ||    26
Dodge: Dodged            |    38 |    22 ||    60
